AoeStats
← K_Nine* ZA

Nomad

504951366Analyzed
4v4 RM · 24d ago on Sep 7, 2026· 42m 11s· 8 players
Game mode
Random Map
Map size
231×231
Population
200
Speed
Normal
Resources
Standard
Victory
Conquest
Starting age
Dark Age
Ending age
Imperial Age
RankedLock teamsTeams togetherTeam positionsShared explorationLock speedFull tech treeHidden civsTurbo modeCheats
Victory
Defeat
🇦🇺 Celts · Australia
966
+12
🇦🇺 Armenians · Australia
953
+12
🇦🇺 Cumans · Australia
942
+13
🇨🇳 Burgundians · China
798
+20
🇷🇺 Vietnamese · Russia
894
-15
🇿🇦 Huns · South Africa
884
-15
🇲🇽 Spanish · Mexico
863
-38
🇨🇳 Huns · China
837
-13
FaridHD
17:16 Feudal Age
16:09 Loom
19:41 Wheelbarrow
19:02 Man-at-Arms
20:23 Arson
21:27 Horse Collar
JOE
3:57 Loom
15:22 Feudal Age
K_Nine* ZA
21:20 Feudal Age
23:26 Gold Mining
28:06 Castle Age
27:53 Bloodlines
28:47 Wheelbarrow
28:00 Loom
29:00 Wheelbarrow
28:11 Town Watch
zuh
17:13 Feudal Age
16:07 Loom
19:05 Wheelbarrow
18:21 Fishing Lines
19:41 Double-Bit Axe
19:47 Horse Collar
30:00 Castle Age
31:30 Castle Age
29:49 Arson
32:31 Stone Mining
32:34 Gold Mining
33:07 Hand Cart
32:48 Fletching
32:59 Padded Archer Armor
32:59 Scale Mail Armor
33:10 Forging
33:50 Bow Saw
33:46 Heavy Plow
33:46 Crossbowman
34:42 Thumb Ring
36:16 Leather Archer Armor
35:57 Bodkin Arrow
36:27 Squires
35:47 Pikeman
Sad Man
11:33 Loom
15:26 Feudal Age
15:59 Double-Bit Axe
18:38 Man-at-Arms
19:06 Arson
19:22 Long Swordsman
21:23 Wheelbarrow
20:35 Horse Collar
22:24 Scale Mail Armor
23:45 Forging
23:41 Pikeman
31:18 Castle Age
31:25 Two-Handed Swordsman
32:43 Champion
33:33 Squires
33:20 Gambesons
34:13 Iron Casting
33:55 Chain Mail Armor
37:04 Fervor
Crab
13:56 Loom
17:27 Feudal Age
23:27 Man-at-Arms
32:45 Castle Age
30:54 Horse Collar
31:02 Double-Bit Axe
35:18 Scale Mail Armor
36:26 Fishing Lines
37:29 Fervor
37:32 Capped Ram
39:52 Squires
39:13 Long Swordsman
40:11 Chain Mail Armor
hayate kokoa
7:15 Loom
15:38 Feudal Age
22:11 Castle Age
20:03 Double-Bit Axe
20:00 Horse Collar
21:49 Stone Mining
24:17 Fishing Lines
30:55 Medium Warships
30:36 Gillnets
34:00 Wheelbarrow
33:11 Town Watch
33:40 Bow Saw
36:59 Imperial Age
34:39 Burgundian Vineyards
34:51 Husbandry
34:12 Cavalier
35:05 Forging
36:31 Iron Casting
36:01 Scale Barding Armor
36:20 Hand Cart
36:25 Gold Mining
39:11 Chemistry
40:28 Paladin
Mahram
6:33 Loom
13:00 Feudal Age
14:32 Horse Collar
14:39 Double-Bit Axe
16:24 Man-at-Arms
17:44 Arson
19:08 Forging
18:58 Scale Mail Armor
25:43 Wheelbarrow
25:20 Town Watch
34:11 Castle Age
35:34 Hand Cart
35:50 Gambesons
35:26 Long Swordsman
36:45 Bow Saw
36:38 Heavy Plow
37:39 Iron Casting
37:20 Chain Mail Armor
37:55 Town Patrol
Connection lost

Rejoining the realm…

Still unreachable

The connection could not be restored.

Session expired

The server has moved on; the page needs a fresh start.